 Dungeon Crawl Stone Soup version 0.19-a0-1908-g43c011f (webtiles) character file.

11 Kaname the Magician (level 2, 0/17 HPs)
             Began as a High Elf Wanderer on Oct 22, 2016.
             Slain by a hobgoblin (2 damage)
             ... on level 1 of the Dungeon.
             The game lasted 00:02:22 (1058 turns).

Kaname the Magician (High Elf Wanderer)             Turns: 1058, Time: 00:02:22

Health: 0/17       AC:  2    Str: 10    XL:     2   Next: 17%
Magic:  6/6        EV: 12    Int: 14    God:
Gold:   11         SH:  0    Dex: 16    Spells: 2 memorised, 1 level left

rFire  . . .     SeeInvis .     g - -1 hand axe (curse)
rCold  . . .     Gourm    .     d - +0 robe
rNeg   . . .     Faith    .     (no shield)
rPois  .         Spirit   .     (no helmet)
rElec  .         Reflect  .     (no cloak)
rCorr  .         Harm     .     (no gloves)
MR     .....                    (no boots)
Stlth  ++........               (no amulet)
                                (no ring)
                                (no ring)

@: no status effects
A: no striking features
a: no special abilities


You were on level 1 of the Dungeon.
You were hungry.

You visited 1 branch of the dungeon, and saw 1 of its levels.

You collected 11 gold pieces.

Inventory:

Hand Weapons
 e - a +0 dagger
 g - a cursed -1 hand axe (weapon)
Armour
 d - a +0 robe (worn)
Scrolls
 c - 2 scrolls of teleportation
 h - a scroll of enchant weapon {unknown}
Books
 a - a book of Geomancy

   Spells                             Type                      Level
   a - Sandblast                      Earth                        1
   b - Passwall                       Transmutation/Earth          2
   c - Stone Arrow                    Conjuration/Earth            3
   d - Petrify                        Transmutation/Earth          4
   e - Lee's Rapid Deconstruction     Earth                        5
 b - the Catalogue of Aid

   Spells                             Type                      Level
   a - Swiftness                      Charms/Air                   2
   b - Shroud of Golubria             Charms/Translocation         2
Comestibles
 f - 2 bread rations


   Skills:
 + Level 1.4 Short Blades
   Level 1.0 Polearms
 - Level 1.0 Throwing
 - Level 1.1 Dodging
 + Level 2.0 Stealth
 - Level 2.4 Spellcasting
   Level 2.1 Conjurations
 - Level 1.0 Earth Magic
   Level 1.0 Evocations


You had one spell level left.
You knew the following spells:

 Your Spells              Type           Power        Failure   Level  Hunger
a - Passwall              Tmut/Erth      #.........   30%         2    ###....
b - Swiftness             Chrm/Air       #.......     34%         2    ###....


Dungeon Overview and Level Annotations

Branches:
Dungeon (1/15)

Altars:


Message History

You are feeling hungry.
The hobgoblin hits you.
* * * LOW HITPOINT WARNING * * *
The hobgoblin closely misses you.
You are too injured to fight recklessly!
You hit the hobgoblin but do no damage.
The hobgoblin is moderately wounded.
The hobgoblin barely misses you.
You barely miss the hobgoblin.
The hobgoblin is moderately wounded.
The hobgoblin closely misses you.
You barely miss the hobgoblin.
The hobgoblin is moderately wounded.
The hobgoblin barely misses you.
You hit the hobgoblin.
The hobgoblin is almost dead.
The hobgoblin hits you.
* * * LOW HITPOINT WARNING * * *
The hobgoblin hits you.
You die...

. ###### ...
#....##########
.....#....##.......#
.....'g@...........#
#....#....##.......#####
#.. #....##............
# #?...##............
#....#.............
....................
.#######.......####..
#.....).# #..
###.......# #..


You could see a hobgoblin.

Vanquished Creatures
  A leopard gecko (D:1)
  2 bats (D:1)
  2 goblins (D:1)
  A hobgoblin (D:1)
  A frilled lizard (D:1)
  3 rats (D:1)
10 creatures vanquished.

Notes
Turn   | Place    | Note
-------+----------+-------------------------------------------
     0 | D:1      | Kaname the High Elf Wanderer began the quest for the Orb.
     0 | D:1      | Kaname set off with: a book of Geomancy, the Catalogue of Aid, a scroll of teleportation, a +0 robe, a +0 dagger, a bread ration
     0 | D:1      | Reached XP level 1. HP: 11/11 MP: 4/4
     0 | D:1      | Identified the Catalogue of Aid
   360 | D:1      | Reached skill level 1 in Short Blades
   434 | D:1      | Reached XP level 2. HP: 14/17 MP: 6/6
   438 | D:1      | Learned a level 2 spell: Passwall
  1008 | D:1      | Learned a level 2 spell: Swiftness
  1058 | D:1      | Slain by a hobgoblin

Vault maps used:
D:1:      dpeg_arrival_short_road

Skill      XL: |  1 |
---------------+----+-----
Short Blades   | 1 |  1.4
Stealth        | 2 |  2.0
Polearms       | |  1.0
Throwing       | |  1.0
Dodging        | |  1.1
Spellcasting   | |  2.4
Conjurations   | |  2.1
Earth Magic    | |  1.0
Evocations     | |  1.0

Action                   || total
-------------------------++-------
Melee: Hand axe          ||    54
       Dagger            ||    16
 Stab: Sleeping          ||     2
Armor: Robe              ||     8
Dodge: Dodged            ||    51
